[Event "*** Titled Tuesday 3|2 Blitz"]
[Site "Chess.com"]
[Date "2016.05.03"]
[Round "4"]
[White "Saitama_Hero"]
[Black "CraiggoryC"]
[Result "0-1"]
[WhiteElo "2150"]
[BlackElo "2098"]
[TimeControl "180+2"]
[EndTime "11:49:40 PDT"]
[Termination "CraiggoryC won on time"]

1. d4 e6 2. c4 Nf6 3. Nc3 d5 4.
Nf3 c6 5. Bg5 dxc4 6. e4 b5 7.
e5 h6 8. Bh4 g5 9. Nxg5 hxg5 10. Bxg5 Nbd7 11. exf6 Bb7 12. g3 c5 13. d5 Qb6 14. Bg2 O-O-O 15. O-O b4 16. Na4 Qb5 17. a3 exd5 18. axb4 d4 19. Nc3 dxc3 20. Rxa7 Bxg2 21.
Bf4 Ne5 22. Bxe5 Bb7 23. Qg4+ Qd7 24. Qxc4 Qd5 25. Rxb7 Qxb7 26. Ra1 Bd6 27. bxc5 Bxe5 28. c6 Qxb2 29. Ra8+ Bb8 30. Qa6+ Kc7 31. Qa5+ Qb6 32. Qe5+ Kxc6 0-1

[Event "*** Titled Tuesday 3|2 Blitz"]
[Site "Chess.com"]
[Date "2016.05.03"]
[Round "4"]
[White "GulamaliRises"]
[Black "Spas_Kozhuharov"]
[Result "0-1"]
[WhiteElo "2578"]
[BlackElo "2487"]
[TimeControl "180+2"]
[EndTime "11:49:43 PDT"]
[Termination "Spas_Kozhuharov won by resignation"]

1. e4 c6 2. d4 d5 3. f3 dxe4 4. fxe4 e5 5. Nf3 Bg4 6. Bc4 Nd7 7. O-O Ngf6 8. c3 b5 9. Bd3 Bd6 10. Bg5 O-O 11. Nbd2 Qc7 12. Qe1 h6 13. Be3 Bh5 14. Qh4 Bg6 15. Rae1 Rae8 16. Kh1 a6 17. Qh3 c5 18. d5 c4 19. Bb1 Bc5 20. Nh4 Bxe3 21. Rxe3 Bh7 22. Nf5 Bxf5 23. Qxf5 g6 24. Qh3 Kg7 25.
Ref3 h5 26. Qh4 Qd8 27. h3 Nh7 28. Qe1 h4 29. b3 cxb3 30. axb3 Qg5 31. b4 Nhf6 32.
Qf2 Re7 33. c4 bxc4 34. Nxc4 Nh5 35. d6 Ng3+ 36. Kg1 Ree8 37. Rxf7+ Kh6 38. Re1 Rxf7 39. Qxf7 Rf8 40. Qxd7 Qf4 41. Qa7 Qf1+ 42. Kh2 Qxe1 43. Qe3+ Qxe3 44. Nxe3 Nf1+ 45. Nxf1 Rxf1 46. Ba2 Rf6 0-1

[Event "*** Titled Tuesday 3|2 Blitz"]
[Site "Chess.com"]
[Date "2016.05.03"]
[Round "4"]
[White "spectralsoul"]
[Black "Gergo85"]
[Result "0-1"]
[WhiteElo "2538"]
[BlackElo "2435"]
[TimeControl "180+2"]
[EndTime "11:49:44 PDT"]
[Termination "Gergo85 won on time"]

1. e4 d5 2. exd5 Qxd5 3. d4 Nc6 4. Nf3 Bg4 5. Be2 O-O-O 6. Be3 Nh6 7. h3 Bh5 8. O-O Nf5 9. Nbd2 Nxe3 10. fxe3 Qe6 11.
Nc4 Bxf3 12. Rxf3 g6 13. c3 Bh6 14. a4 f5 15. a5 a6 16. b4 Qd5 17. Nd2 e5 18.
Bc4 Qd6 19. Nf1 exd4 20. exd4 Ne5 21. Be2 Nxf3+ 22. Bxf3 Rhe8 23. b5 axb5 24. a6 bxa6 25. Qb3 Re6 26. Kh1 Rde8 27. Qa2 Re1 28. Kg1 Rxa1 29.
Qxa1 Kb8 30. Qa2 Ka7 31. Qf7 Qe7 32. Qd5 c5 33. dxc5 Be3+ 34. Nxe3 Qxe3+ 35. Kh1 Qe1+ 36. Kh2 Qe5+ 0-1

[Event "*** Titled Tuesday 3|2 Blitz"]
[Site "Chess.com"]
[Date "2016.05.03"]
[Round "4"]
[White "smurfo"]
[Black "jcibarra"]
[Result "0-1"]
[WhiteElo "2540"]
[BlackElo "2542"]
[TimeControl "180+2"]
[EndTime "11:49:46 PDT"]
[Termination "jcibarra won by checkmate"]

1. e4 e5 2. Nf3 d6 3. Nc3 Nf6 4. d4 exd4 5. Qxd4 a6 6. Bg5 Nc6 7. Qd2 Be7 8. h4 O-O 9. h5 h6 10. Bf4 b5 11. Bd3 Bg4 12. O-O-O b4 13. Nd5 Nxd5 14. exd5 Ne5 15. Nxe5 dxe5 16. f3 exf4 17. fxg4 Bd6 18. Rhe1 Qg5 19. Bf5 Rfe8 20. Kb1 Re3 21. Qd4 Rae8 22. Rf1 Re2 23. Rf2 Re1 24. Rf1 R1e2 25.
Rf2 a5 26. Rxe2 Rxe2 27. Qa7 Qe7 28. Qxa5 Rxg2 29. Qa8+ Qf8 30. Qc6 Qe7 31. Qa8+ Qf8 32. Qc6 Re2 33. Qa6 Qe7 34. Qa8+ Qe8 35. Qa6 f3 36. a4 bxa3 37. bxa3 f2 38. Rf1 Re1+ 39. Ka2 Qb8 40. c3 Bc5 41. Bc2 Qe8 42. Qd3 Rxf1 43.
Qxf1 Qe1 44. Bd3 Qxc3 45. Qe2 Qxa3+ 46. Kb1 Qb3+ 47. Kc1 f1=Q+ 48. Qxf1 Be3# 0-1

[Event "*** Titled Tuesday 3|2 Blitz"]
[Site "Chess.com"]
[Date "2016.05.03"]
[Round "4"]
[White "stuffings101"]
[Black "Grootneus"]
[Result "1-0"]
[WhiteElo "2114"]
[BlackElo "2043"]
[TimeControl "180+2"]
[EndTime "11:49:50 PDT"]
[Termination "stuffings101 won by resignation"]

1. Nf3 Nf6 2. g3 b6 3. Bg2 Bb7 4. O-O c5 5. d3 e6 6. c3 Be7 7. e4 O-O 8. Re1 d6 9. Nbd2 Nbd7 10. a3 Qc7 11. b3 Rac8 12. Bb2 b5 13. Qe2 a5 14. a4 b4 15. c4 d5 16. exd5 Rfe8 17. dxe6 Bd6 18. exf7+ Kxf7 19. Ng5+ Kg6 20. Ne6 Qb8 21.
Bxb7 Qxb7 22. Qf3 Qxf3 23. Nxf3 h6 24. d4 cxd4 25. Nexd4 Nc5 26. Rad1 Kf7 27. Nf5 Bb8 28. N3d4 g6 29. Ne3 Nfe4 30. Nd5 g5 31. Re3 g4 32.
Nf5 Kg6 33. Nfe7+ Kg5 34. Nxc8 Rxc8 35. Bd4 Bd6 36. Rde1 Rf8 37. Rxe4 Nxe4 38. Rxe4 1-0

[Event "*** Titled Tuesday 3|2 Blitz"]
[Site "Chess.com"]
[Date "2016.05.03"]
[Round "4"]
[White "arna"]
[Black "chorejason"]
[Result "1-0"]
[WhiteElo "2148"]
[BlackElo "2063"]
[TimeControl "180+2"]
[EndTime "11:49:51 PDT"]
[Termination "arna won by resignation"]

1. e4 c5 2. Nf3 d6 3. Bb5+ Bd7 4. Bxd7+ Qxd7 5. O-O Nc6 6. c3 Nf6 7. d4 Nxe4 8. d5 Nd8 9. Re1 Nf6 10. c4 g6 11. Nc3 Bg7 12. Qe2 e5 13. dxe6 Nxe6 14. Ng5 O-O 15. Nxe6 fxe6 16. Qxe6+ Qxe6 17. Rxe6 Rae8 18.
Rxe8 Rxe8 19. Bf4 Re6 20. Rd1 Ne4 21. Nb5 g5 22. Bc1 a6 23. Nc7 Rg6 24. f3 Bd4+ 25. Kf1 Nf6 26. Ne6 Be5 27. Nxg5 h6 28.
Nh3 Bxh2 29. Bf4 Bxf4 30. Nxf4 Rg7 31. Rxd6 Nh5 32. Nxh5 Re7 33. Kf2 Kh7 34. Nf6+ Kg7 35. Ne4 b6 36. Rxb6 Rd7 37. Ke2 Rd4 38. b3 h5 39. Rxa6 h4 40. Nxc5 Rd6 41. Rxd6 1-0

[Event "*** Titled Tuesday 3|2 Blitz"]
[Site "Chess.com"]
[Date "2016.05.03"]
[Round "4"]
[White "sorito"]
[Black "charlescandycampbell"]
[Result "1-0"]
[WhiteElo "2201"]
[BlackElo "2046"]
[TimeControl "180+2"]
[EndTime "11:49:52 PDT"]
[Termination "sorito won by resignation"]

1. d4 Nf6 2. Nf3 e6 3. c4 d5 4. g3 c6 5. Bg2 Bd6 6. Qc2 O-O 7. O-O Nbd7 8. b3 Qe7 9. Nc3 b6 10. e4 dxe4 11. Ng5 Bb7 12. Ncxe4 h6 13. Nxf6+ Nxf6 14. Ne4 Nxe4 15. Qxe4 f5 16. Qf3 e5 17. dxe5 Bxe5 18. Re1 Qf6 19. Rb1 Rf7 20. Bf4 Bd4 21. Qh5 c5 22.
Bxb7 Rxb7 23. Re8+ Rxe8 24. Qxe8+ Kh7 25. Re1 Qf7 26.
Qc6 Qd7 27. Qf3 Qf7 28. Bd2 Rd7 29. Re2 g6 30. h4 Re7 31. h5 Rxe2 32. Qxe2 g5 33.
Kg2 Qb7+ 34. Kh2 Qe4 35. Qxe4 fxe4 36. Kg2 Kg7 37. f3 exf3+ 38. Kxf3 Kf6 39. Ke4 Ke6 40.
g4 Bf6 41. Be3 Bc3 42. a4 Be5 43. Bf2 Bf4 44. Be1 Be5 45. a5 Bd4 46. axb6 axb6 47. Bg3 Bc3 48. Bc7 Ba5 49. Be5 Bd2 50. Bg7 Kf7 51.
Bxh6 Bf4 52. Kf5 Be3 53. Bxg5 Bd4 54. Bf4 Bc3 55. g5 Bb4 56. Be5 Bd2 57. g6+ Kg8 58.
Ke6 Be3 59. Kd7 Bd2 60. Kc6 Ba5 61. h6 Bd2 62. h7+ Kf8 1-0

[Event "*** Titled Tuesday 3|2 Blitz"]
[Site "Chess.com"]
[Date "2016.05.03"]
[Round "4"]
[White "chesstatour"]
[Black "eugeniusjr"]
[Result "0-1"]
[WhiteElo "2022"]
[BlackElo "1892"]
[TimeControl "180+2"]
[EndTime "11:49:57 PDT"]
[Termination "eugeniusjr won on time"]

1. c4 Nf6 2. Nc3 d5 3. cxd5 Nxd5 4. e4 Nb6 5. d4 g6 6. Nf3 Bg7 7. Be3 O-O 8. Be2 Nc6 9. O-O Bg4 10. d5 Bxf3 11.
Bxf3 Ne5 12. Be2 c6 13. Rc1 Nec4 14. Bxb6 Nxb6 15. dxc6 bxc6 16. Ba6 Rb8 17. b3 Bd4 18. Ne2 c5 19. Nxd4 cxd4 20. Qd3 e5 21. f4 Nd7 22. f5 Rb6 23. Bc4 Kg7 24. Rc2 Nc5 25. Qf3 d3 26. Rd2 Qd4+ 27. Kh1 Qxe4 28. Qxe4 Nxe4 29. Rxd3 gxf5 30.
Rxf5 Rf6 31. Rxf6 Kxf6 32. Rd7 a5 33. Ra7 Kf5 34. Bd3 Kf4 35. Bxe4 Kxe4 36. Rxa5 Rd8 37.
Kg1 Rd2 38. Kf1 Rb2 39. h3 f5 0-1

[Event "*** Titled Tuesday 3|2 Blitz"]
[Site "Chess.com"]
[Date "2016.05.03"]
[Round "4"]
[White "maciek_92"]
[Black "Smirnov_Pavel"]
[Result "1-0"]
[WhiteElo "2583"]
[BlackElo "2481"]
[TimeControl "180+2"]
[EndTime "11:49:59 PDT"]
[Termination "maciek_92 won by checkmate"]

1. c4 e6 2. Nf3 d5 3. g3 Nf6 4. Bg2 Be7 5. O-O O-O 6. b3 c5 7. cxd5 Nxd5 8. Bb2 b6 9. Nc3 Bb7 10. Nxd5 Bxd5 11. Qc2 Nd7 12. d3 Rc8 13. Rac1 Bf6 14.
Rfd1 Bb7 15. a3 Qe7 16. Qd2 a5 17. Rb1 Rfd8 18. Rdc1 h6 19. Qd1 Bxb2 20. Rxb2 Nf6 21. b4 cxb4 22. axb4 axb4 23. Ra1 Nd5 24. Qd2 Nc3 25.
Ne1 Bxg2 26. Kxg2 Qf6 27. Nf3 e5 28. Qe3 e4 29. dxe4 Nd1 30. Rxd1 Rxd1 31. Rxb4 Rc6 32. e5 Qd8 33. h4 Rd5 34. Rg4 b5 35. Qb3 Re6 36.
Rb4 Rb6 37. e4 Rc5 38. Rd4 Qc7 39. Qd1 Rb7 40. Rd8+ Kh7 41. Ng5+ Kg6 42. h5+ Kxg5 43. f4# 1-0

[Event "*** Titled Tuesday 3|2 Blitz"]
[Site "Chess.com"]
[Date "2016.05.03"]
[Round "4"]
[White "Iwannabetheguy"]
[Black "chess960now"]
[Result "0-1"]
[WhiteElo "1992"]
[BlackElo "1968"]
[TimeControl "180+2"]
[EndTime "11:50:05 PDT"]
[Termination "chess960now won by resignation"]

1. e4 c5 2. Nf3 e6 3. d4 cxd4 4.
Nxd4 a6 5. Bd3 Qc7 6. Nc3 Bc5 7. Nb3 Ba7 8. Qg4 g6 9. Bf4 d6 10. Qg3 e5 11. Nd5 Qd8 12. Bg5 f6 13. Bd2 Be6 14.
Bc4 Nc6 15. O-O-O Bxd5 16. Bxd5 Qc7 17. Qh3 Nge7 18. Qe6 Rf8 19. Bh6 Nd8 20. Qh3 Nxd5 21. Bxf8 Nb4 22. Rd2 Kxf8 23. a3 Nbc6 24. Rhd1 Rc8 25.
Rxd6 Nd4 26. Rxf6+ Kg7 27. Nxd4 exd4 28. Rd2 Kxf6 29.
Qh4+ Kg7 30. Qg5 Nf7 31. Qg4 Re8 32. f3 Ne5 33. Qg3 d3 34. Kd1 Be3 35. Rxd3 Ba7 36. Rc3 Qd7+ 37. Kc1 Nc6 38. Qf4 Rd8 39. Kb1 Qd1+ 40.
Ka2 Qd6 41. Qe3 Bxe3 42. Rxe3 Qd2 43. Rc3 Qxg2 0-1

[Event "*** Titled Tuesday 3|2 Blitz"]
[Site "Chess.com"]
[Date "2016.05.03"]
[Round "4"]
[White "oggy1984"]
[Black "Indianlad"]
[Result "1-0"]
[WhiteElo "2327"]
[BlackElo "2626"]
[TimeControl "180+2"]
[EndTime "11:50:08 PDT"]
[Termination "oggy1984 won by resignation"]

1. e4 c5 2. Nf3 Nc6 3. d4 cxd4 4.
Nxd4 Qb6 5. Nb3 e6 6. Be3 Qc7 7. Nc3 Nf6 8. Qd2 Bb4 9. f3 O-O 10. a3 Be7 11. g4 a6 12. g5 Nh5 13. O-O-O b5 14. f4 g6 15. Be2 b4 16. axb4 Bxb4 17. Bxh5 gxh5 18. f5 Ne5 19. Bd4 Bb7 20. g6 fxg6 21.
fxg6 Nxg6 22. Rhg1 Bxc3 23. Bxc3 Qf4 24. Qxf4 Rxf4 25.
Rxd7 Rf7 26. Nc5 Rxd7 27. Nxd7 Kf7 28. Ne5+ Nxe5 29. Bxe5 Rg8 30. Rxg8 Kxg8 31. b4 Bxe4 32. Kd2 Kf7 33. c4 Kg6 34. Ke3 Kf5 35. Kd4 h4 36. b5 a5 37. c5 a4 38. Bd6 a3 39.
Kc3 e5 40. c6 Bd5 41. Bxa3 Ke4 42. Be7 h3 43. Kb4 Kd4 44. Bc5+ Kd3 45. c7 Bb7 46. Ka5 e4 47. Kb6 Bc8 48. Ka7 Kc4 49. b6 1-0

[Event "*** Titled Tuesday 3|2 Blitz"]
[Site "Chess.com"]
[Date "2016.05.03"]
[Round "4"]
[White "Rating-Schmating"]
[Black "vinceyoung15"]
[Result "1/2-1/2"]
[WhiteElo "2244"]
[BlackElo "2135"]
[TimeControl "180+2"]
[EndTime "11:50:10 PDT"]
[Termination "Game drawn by agreement"]

1. e4 c5 2. Nf3 Nc6 3. d4 cxd4 4. Nxd4 Qc7 5. c4 Qe5 6. Nxc6 Qxe4+ 7. Qe2 Qxe2+ 8.
Bxe2 bxc6 9. Nc3 Nf6 10. Be3 e6 11. O-O-O Bb4 12. a3 Be7 13. Rhe1 O-O 14. Bf3 d5 15.
cxd5 cxd5 16. Bg5 h6 17. Bf4 Re8 18. Nb5 Bd7 19. Nc7 Rac8 20. Kb1 Red8 21. Nxd5 Nxd5 22. Bxd5 Ba4 23. b3 Bxa3 24. Bxe6 fxe6 25. Rxd8+ Rxd8 26. bxa4 Kf7 27. Re3 Bc5 28. Rc3 Bb6 29. Kc2 Rd4 30. Be5 Rxa4 31. Rf3+ Kg8 32. Rg3 g5 33. Kb3 Re4 34.
Bc3 Bxf2 35. Rf3 Bb6 36. Rf6 Re3 37. Kc4 Re4+ 38. Kd3 Re3+ 39. Kd2 Re4 40. Rg6+ Kf7 41. Rxh6 e5 42. Kd3 Re3+ 43. Kd2 Bd4 44. Bxd4 exd4 45. Rh7+ Kg6 46. Rxa7 Rb3 47. Kc2 Rc3+ 48. Kd2 Rb3 49. Kc2 Re3 50. Kd2 Rb3 51. Kc2 Rc3+ 52. Kd2 Rb3 53.
Kc2 Re3 54. Kd2 Kf5 55. Rd7 Ra3 56. Rxd4 Ra2+ 57. Ke3 Rxg2 58. h4 g4 59. Rd5+ Kg6 60.
Rg5+ Kh6 61. Kf4 g3 62. Kf3 Rg1 63. Rxg3 Rxg3+ 64. Kxg3 Kh5 1/2-1/2

[Event "*** Titled Tuesday 3|2 Blitz"]
[Site "Chess.com"]
[Date "2016.05.03"]
[Round "4"]
[White "ChessWarrior7197"]
[Black "motivated_bishop"]
[Result "0-1"]
[WhiteElo "2477"]
[BlackElo "2322"]
[TimeControl "180+2"]
[EndTime "11:50:14 PDT"]
[Termination "motivated_bishop won by checkmate"]

1. e4 c5 2. Nf3 e6 3. d4 cxd4 4. Nxd4 a6 5. Bd3 Bc5 6. Nb3 Ba7 7. Qe2 d6 8. Be3 Nf6 9. Bxa7 Rxa7 10. O-O O-O 11. c4 b6 12. Nc3 Rc7 13. Rfd1 Qe7 14. Rac1 Nbd7 15. Bb1 Nc5 16. Nd4 Bb7 17. f3 Rfc8 18.
b3 Ncd7 19. a4 Ne5 20. h3 d5 21. exd5 exd5 22. Re1 Ng6 23. Qd2 Qb4 24. Bf5 Rd8 25. Rcd1 dxc4 26. bxc4 Rxc4 27. Nce2 Qxd2 28. Rxd2 Rxa4 29.
Rb2 b5 30. Nb3 Bc8 31. Bc2 Rc4 32. Na5 Rc5 33. Bb3 Kf8 34. Kf2 Ne5 35. Nf4 g5 36. Rbe2 Re8 37. Ke3 gxf4+ 38. Kd4 Nfd7 39. Bd5 b4 40.
Nb3 Rc3 41. Re4 f6 42. Na5 Rd3# 0-1

[Event "*** Titled Tuesday 3|2 Blitz"]
[Site "Chess.com"]
[Date "2016.05.03"]
[Round "4"]
[White "yian123"]
[Black "Hikaru"]
[Result "0-1"]
[WhiteElo "2468"]
[BlackElo "2858"]
[TimeControl "180+2"]
[EndTime "11:50:15 PDT"]
[Termination "Hikaru won by resignation"]

1. e4 g6 2. d4 Bg7 3. Nc3 d6 4. Be3 a6 5. h4 Nf6 6. f3 b5 7. Qd2 h5 8. Nh3 Bxh3 9. Rxh3 Nbd7 10. g3 c5 11. dxc5 dxc5 12. a4 b4 13. Nd1 O-O 14.
Be2 Qc7 15. Kf2 Rfd8 16. Qc1 a5 17. Kg2 c4 18. Nf2 Qc6 19. b3 Ne5 20. Rh1 Nfd7 21. Rb1 Nc5 22. Rd1 Ne6 23. f4 Ng4 24. Bxg4 hxg4 25.
Rxd8+ Rxd8 26. Qf1 Bd4 27. Re1 cxb3 28. cxb3 Qc3 29. Bxd4 Qf3+ 30. Kh2 Rxd4 31. Qe2 Qxb3 32. f5 gxf5 33. exf5 Ng7 34. Qxe7 Rd2 35. Re2 Qa2 36. Rxd2 Qxd2 37. Kg1 b3 38. Ne4 Qc1+ 39. Kh2 Qc2+ 40. Kg1 Qc1+ 41. Kh2 Qc2+ 42. Kg1 Qc8 43. Nf6+ Kh8 44.
Qe5 Nxf5 45. Nd7+ Kg8 46. Qxf5 Qc1+ 47. Kf2 Qc2+ 0-1

[Event "*** Titled Tuesday 3|2 Blitz"]
[Site "Chess.com"]
[Date "2016.05.03"]
[Round "4"]
[White "Iball95"]
[Black "pedromartinez91"]
[Result "0-1"]
[WhiteElo "2489"]
[BlackElo "2349"]
[TimeControl "180+2"]
[EndTime "11:50:24 PDT"]
[Termination "pedromartinez91 won by checkmate"]

1. Nf3 e6 2. g3 d5 3. Bg2 Nf6 4. O-O Be7 5. c4 O-O 6. d4 dxc4 7. Qc2 a6 8. a4 Bd7 9. Qxc4 Bc6 10. Bg5 a5 11. Nc3 Ra6 12. Rad1 Rb6 13. Nb5 Na6 14. e3 Bxf3 15. Bxf3 c6 16. Nc3 Rxb2 17. Bxc6 Qa8 18.
Bxf6 Bxf6 19. Bb5 Rc8 20. Bxa6 Rxc4 21. Bxc4 Qc8 22. Bd3 g6 23. Ne4 Be7 24. Rc1 Qd7 25. Bb5 Qd5 26. Nc3 Qf3 27. Rb1 Rxb1 28. Rxb1 Bb4 29. Na2 Bd2 30. Bf1 Bxe3 31. Rb2 Bxd4 32. Rd2 e5 33. h4 h5 34. Nc1 Qxg3+ 35. Bg2 Qf4 36. Nb3 Qxh4 37. Kf1 Qf4 38. Bxb7 h4 39. Bd5 h3 40. Re2 h2 41. Kg2 Bxf2 42. Nd2 Qg3+ 43.
Kh1 Qg1# 0-1

[Event "*** Titled Tuesday 3|2 Blitz"]
[Site "Chess.com"]
[Date "2016.05.03"]
[Round "4"]
[White "flavettes"]
[Black "rasool78"]
[Result "1-0"]
[WhiteElo "2378"]
[BlackElo "2182"]
[TimeControl "180+2"]
[EndTime "11:50:25 PDT"]
[Termination "flavettes won on time"]

1. d4 g6 2. c4 Bg7 3. e4 c5 4. d5 d6 5. Nc3 Nf6 6. Bd3 O-O 7. h3 Na6 8. Nf3 Nc7 9. O-O e6 10. Re1 e5 11. a3 Nd7 12. b4 b6 13. Nb5 Nxb5 14. cxb5 h6 15. Nd2 f5 16. Nc4 Nf6 17.
bxc5 bxc5 18. f3 fxe4 19. fxe4 Nh5 20. Be3 Nf4 21. Bf1 Rf7 22. Kh2 Bf8 23. g3 Nh5 24.
Bg2 Bd7 25. a4 Nf6 26. Qd2 Kh7 27. Rab1 Qe7 28. a5 Rb8 29. b6 a6 30. Qc2 Bb5 31.
Bf1 Nh5 32. Be2 Qd7 33. Rf1 Rxf1 34. Rxf1 Bg7 35. Na3 Nf6 36. Nxb5 axb5 37. Rb1 c4 38. a6 Nh5 39. Qb2 Qf7 40. Qxb5 c3 41. a7 c2 42.
Rc1 1-0

[Event "*** Titled Tuesday 3|2 Blitz"]
[Site "Chess.com"]
[Date "2016.05.03"]
[Round "4"]
[White "Danirod"]
[Black "HansCoolNiemann"]
[Result "1-0"]
[WhiteElo "2423"]
[BlackElo "2257"]
[TimeControl "180+2"]
[EndTime "11:50:28 PDT"]
[Termination "Danirod won by checkmate"]

1. e4 g6 2. d4 Bg7 3. Nc3 c6 4. Nf3 d5 5. Be2 dxe4 6. Nxe4 Bg4 7. c3 Nd7 8. O-O Bxf3 9. Bxf3 Ngf6 10. Ng5 O-O 11.
Re1 h6 12. Ne4 Nxe4 13. Bxe4 e5 14. dxe5 Nxe5 15. Qb3 Qb6 16. Be3 Qc7 17. h3 Rfd8 18. Rad1 a5 19. f4 a4 20. Qb6 Qxb6 21.
Bxb6 Rxd1 22. Rxd1 Nc4 23. Bc5 Nxb2 24. Rd7 Rb8 25. Ba7 Re8 26. Bf3 Bxc3 27. Rxb7 Nd3 28.
g3 c5 29. Bd5 Bd4+ 30. Kg2 Re2+ 31. Kf3 Re3+ 32. Kg2 Re2+ 33. Kf3 Rh2 34. Bxf7+ Kf8 35. Bxg6 Ne1+ 36. Kg4 Re2 37. Bb8 Nd3 38. Bd6+ Kg8 39. Bxd3 Re3 40. Bc4+ Kh8 41. Re7 Rc3 42. Bd5 Rc2 43. Be5+ Bxe5 44. Rxe5 c4 45. Re8+ Kg7 46. Rc8 c3 47. h4 Rd2 48. Be4 Rxa2 49. Rxc3 a3 50. Rc7+ Kf6 51. Rc6+ Kg7 52. Rg6+ Kf7 53. Rxh6 Rd2 54. Ra6 a2 55. Rxa2 Rd4 56. Ra7+ Kf6 57.
Ra6+ Kg7 58. Bf5 Rd8 59. h5 Rh8 60. Kg5 Kf7 61. Ra7+ Ke8 62. Ra8+ Ke7 63. Rxh8 Kf7 64. Rh7+ Kg8 65. Rb7 Kf8 66. Kf6 Ke8 67. Rb8# 1-0

[Event "*** Titled Tuesday 3|2 Blitz"]
[Site "Chess.com"]
[Date "2016.05.03"]
[Round "4"]
[White "psv98"]
[Black "KuzubovYuriy"]
[Result "0-1"]
[WhiteElo "2472"]
[BlackElo "2597"]
[TimeControl "180+2"]
[EndTime "11:50:30 PDT"]
[Termination "KuzubovYuriy won by resignation"]

1. Nf3 d5 2. g3 Bg4 3. Bg2 Nd7 4. O-O c6 5. d3 e5 6. e4 dxe4 7. dxe4 Bc5 8. Nbd2 a5 9. Qe1 a4 10.
h3 Bh5 11. Nh4 Ne7 12. Nc4 O-O 13. Be3 Qc7 14. Bxc5 Nxc5 15. Qc3 f6 16. Nf5 Nxf5 17. exf5 Rfd8 18. Ne3 Qe7 19. b4 Na6 20. a3 Nc7 21. g4 Bf7 22. Rad1 Nb5 23. Qb2 Kf8 24. c4 Nd4 25. b5 Qc5 26. Rb1 Nb3 27. Rfd1 Rd4 28.
bxc6 bxc6 29. Nc2 Rxd1+ 30. Rxd1 Ke7 31. Nb4 Be8 32. Qe2 Rd8 33. Rxd8 Kxd8 34. Qe4 Nd4 35.
Kh2 Kd7 36. f4 exf4 37. Qxf4 Qd6 38. Qxd6+ Kxd6 39. Nd3 c5 40. Be4 Nc2 41. Nxc5 Nxa3 42. Ne6 Nxc4 43. Nxg7 Bf7 44. h4 a3 45. Bb1 Nd2 0-1

[Event "*** Titled Tuesday 3|2 Blitz"]
[Site "Chess.com"]
[Date "2016.05.03"]
[Round "4"]
[White "kikydu96"]
[Black "PowerThinking2650"]
[Result "0-1"]
[WhiteElo "2286"]
[BlackElo "2173"]
[TimeControl "180+2"]
[EndTime "11:50:37 PDT"]
[Termination "PowerThinking2650 won by resignation"]

1. e4 e5 2. Nf3 Nc6 3. Nc3 Nf6 4. d4 exd4 5. Nxd4 Bb4 6. Nxc6 bxc6 7. Bd3 O-O 8. O-O d5 9. exd5 cxd5 10. h3 Bxc3 11. bxc3 c5 12. c4 Ba6 13. Ba3 dxc4 14. Bf5 Qa5 15.
Bc1 Rad8 16. Qf3 c3 17. Re1 Nd5 18. Bg5 f6 19. Qh5 g6 20. Bxg6 Qc7 21. Be4 fxg5 22.
Qxg5+ Qg7 23. Bxd5+ Kh8 24. Qxg7+ Kxg7 25. Re7+ Kf6 26.
Re6+ Kf5 27. g4+ Kg5 28. Rxa6 Rxd5 29. Rxa7 h5 30. a4 Rd2 31. Rc7 Rfxf2 32. Rxc5+ Kh4 33.
Rxc3 Rg2+ 34. Kf1 Rgf2+ 35. Kg1 Rg2+ 36. Kf1 Rdf2+ 37. Ke1 Rd2 38. Re3 Rxc2 39. Kf1 Rh2 40. Kg1 Rcg2+ 41. Kf1 Rf2+ 42. Ke1 Rb2 43. Kd1 Rh1+ 44.
Re1 Rhh2 45. Re3 Rbd2+ 46. Ke1 Rdg2 47. Kd1 Rg1+ 48. Re1 Rxe1+ 49. Kxe1 Rh1+ 0-1

[Event "*** Titled Tuesday 3|2 Blitz"]
[Site "Chess.com"]
[Date "2016.05.03"]
[Round "4"]
[White "Kacparov"]
[Black "NaziPaiki"]
[Result "0-1"]
[WhiteElo "2588"]
[BlackElo "2662"]
[TimeControl "180+2"]
[EndTime "11:50:45 PDT"]
[Termination "NaziPaiki won by resignation"]

1. e4 c5 2. Nf3 d6 3. d4 cxd4 4. Nxd4 Nf6 5. Nc3 a6 6. h3 e6 7.
g4 d5 8. exd5 Nxd5 9. Nde2 Nc6 10. Bg2 Bb4 11. Bd2 Nxc3 12. Nxc3 O-O 13. O-O Bd7 14.
a3 Bc5 15. Ne4 Ba7 16. Bf4 e5 17. Bg3 Rc8 18. c3 Qe7 19. Qe2 Be6 20. Rfd1 Rfd8 21.
Rxd8+ Rxd8 22. Rd1 f6 23. b4 Rd7 24. Rxd7 Qxd7 25.
Qd2 Qxd2 26. Nxd2 Kf7 27. Kf1 Nd8 28. Ke2 b5 29. f4 exf4 30. Bxf4 Ke7 31. Be4 h6 32. Nf3 Bc4+ 33. Kd2 Kd7 34. Be3 Bb8 35. Nd4 Bc7 36. Nf5 Ne6 37. h4 a5 38. h5 a4 39.
Bd3 Be5 40. Bxc4 bxc4 41. Kc2 Kc6 42. Bc5 Nxc5 43. bxc5 Kxc5 44. Nxg7 Kd5 45. Nf5 Bf4 46. Ne7+ Ke4 47. Nc6 Kf3 48. Na5 Kxg4 49. Nxc4 Kxh5 50.
Kd3 Kg4 51. Ke2 Kg3 52. Kf1 h5 53. Kg1 h4 54. Nb2 Be3+ 55. Kh1 f5 56. Nxa4 f4 57.
Nb2 f3 58. Nd3 Bf4 59. a4 Bc7 60. c4 h3 61. c5 Ba5 62. c6 Bb6 63. a5 Bxa5 64.
Nc5 Bc7 65. Ne4+ Kg4 66. Nf2+ Kh4 67. Ne4 Bd8 68. Kg1 Ba5 69. Kf2 h2 70. Ng3 Kg4 71. Nh1 Bb6+ 72. Kf1 Kh3 73. c7 Bxc7 74. Nf2+ Kh4 75.
Nh1 Bb6 76. Ke1 Kh3 77. Kf1 Bc5 0-1

[Event "*** Titled Tuesday 3|2 Blitz"]
[Site "Chess.com"]
[Date "2016.05.03"]
[Round "4"]
[White "Journey_to_GrandMaster_YT"]
[Black "BartoszSocko"]
[Result "0-1"]
[WhiteElo "2330"]
[BlackElo "2662"]
[TimeControl "180+2"]
[EndTime "11:50:50 PDT"]
[Termination "BartoszSocko won by resignation"]

1. d4 Nf6 2. Nf3 b5 3. e3 a6 4. c4 bxc4 5. Bxc4 e6 6. O-O Bb7 7. Nc3 Be7 8. Qe2 O-O 9. e4 d5 10. exd5 exd5 11. Bd3 Re8 12. Bg5 Ne4 13. Bf4 Nd7 14. Ne5 Nxe5 15. Bxe5 Bf6 16. Nxe4 Bxe5 17. dxe5 Rxe5 18. f3 dxe4 19. fxe4 Qd4+ 20. Kh1 Bxe4 21.
Bxe4 Rxe4 22. Qf2 Rf8 23. Qxd4 Rxd4 24. Rac1 Rd2 25. b4 Rc8 26. a3 Rd3 27. Rf3 Rcd8 28. Rxd3 Rxd3 29. Kg1 Rxa3 30. Rxc7 g5 31. Ra7 Ra4 32.
Kf2 Kg7 33. Kf3 Kg6 34. g4 f6 35. Rb7 Ra3+ 36. Kg2 h5 37. h3 h4 38. Rb6 Rg3+ 39. Kh2 Ra3 40. Kg2 Kf7 41. Kh2 Ke7 42.
Kg2 Kf7 43. Kh2 Ra2+ 44. Kg1 Ke7 45. Kh1 a5 46. bxa5 Rxa5 47. Kg2 Ra2+ 48. Kg1 Rc2 49. Ra6 Re2 50. Rb6 Rd2 51. Ra6 Rd6 52. Ra5 Ke6 53. Kg2 Rd2+ 54. Kg1 Rd5 55. Ra4 Ke5 56.
Ra6 Kf4 57. Ra4+ Ke3 58. Ra3+ Rd3 59. Ra6 Kf3 60. Kh2 Rd2+ 61. Kg1 Re2 62. Kf1 Rf2+ 63. Kg1 Kg3 64. Rb6 Rf3 65. Rb2 Kxh3 66. Rg2 Rg3 0-1

[Event "*** Titled Tuesday 3|2 Blitz"]
[Site "Chess.com"]
[Date "2016.05.03"]
[Round "4"]
[White "Ginger_GM"]
[Black "Boryboy"]
[Result "1/2-1/2"]
[WhiteElo "2550"]
[BlackElo "2504"]
[TimeControl "180+2"]
[EndTime "11:50:51 PDT"]
[Termination "Game drawn - insufficient material"]

1. d4 e6 2. Nf3 Nf6 3. c4 d5 4.
Nc3 Nbd7 5. Bf4 dxc4 6. e3 b5 7.
Nxb5 Nd5 8. Bxc4 Bb4+ 9. Kf1 Nxf4 10. exf4 O-O 11. a3 Be7 12. Nc3 Bb7 13. Qd3 c5 14. d5 exd5 15. Nxd5 Nb6 16. Nxb6 Qxd3+ 17. Bxd3 axb6 18. Ne5 Rfd8 19. Bc4 Rd2 20. Bxf7+ Kf8 21. Bh5 Rxb2 22. Bf3 Bxf3 23. gxf3 b5 24. Kg2 c4 25. a4 Rxa4 26. Rxa4 bxa4 27. Nxc4 Rc2 28. Ne3 Rd2 29. Rc1 a3 30. Rc8+ Kf7 31. Ra8 a2 32. Nc4 Rc2 33. Ne5+ Ke6 34. Ra6+ Kd5 35. Ra5+ Ke6 36.
Ra6+ Kf5 37. Kg3 h5 38. h4 Bc5 39. Nd3 Bd4 40. Nb4 Bxf2+ 41. Kg2 Rd2 42. Rxa2 Rxa2 43. Nxa2 Bxh4 44. Nc3 Kxf4 45. Nd5+ Kf5 46. Ne3+ Ke5 47. Kh3 Bd8 48. Ng2 Bg5 49. Kg3 Bd2 50. Kh4 g6 51.
Kg3 g5 52. Kh3 h4 53. Kg4 Bf4 54. Nxh4 gxh4 55. Kxh4 Be3 56. f4+ Bxf4 1/2-1/2

[Event "*** Titled Tuesday 3|2 Blitz"]
[Site "Chess.com"]
[Date "2016.05.03"]
[Round "4"]
[White "YaWaleriy"]
[Black "Ksenia_Legenko"]
[Result "1-0"]
[WhiteElo "2184"]
[BlackElo "2033"]
[TimeControl "180+2"]
[EndTime "11:50:52 PDT"]
[Termination "YaWaleriy won by checkmate"]

1. d4 d5 2. Nf3 e6 3. c4 dxc4 4.
e3 Nf6 5. Bxc4 a6 6. O-O b5 7. Bb3 Bb7 8. Qe2 Nbd7 9. Rd1 c5 10. Nc3 Be7 11. d5 exd5 12. Nxd5 Nxd5 13. Bxd5 Bxd5 14.
Rxd5 Qc7 15. e4 O-O 16. Bg5 Bxg5 17. Rxg5 Nf6 18. Qe3 c4 19. Nd4 Rfe8 20. e5 Nd5 21. Qe4 Rad8 22. Re1 c3 23. bxc3 Nxc3 24. Qg4 g6 25. e6 f6 26. Rh5 Rxd4 27. Qxd4 gxh5 28.
Qxf6 Qg7 29. Qf5 Qg6 30. Qe5 b4 31. h4 Re7 32. Re3 Rg7 33. Rg3 Qb1+ 34. Kh2 Rxg3 35.
Qxg3+ Qg6 36. Qb8+ Kg7 37. e7 Qf6 38. e8=Q Qxh4+ 39. Kg1 Qc4 40. Qf8+ Kg6 41. Qg3+ Qg4 42. Qgd6+ Kg5 43.
Qdf6# 1-0